 Dungeon Crawl Stone Soup version 0.30-a0-310-g7d6cbdfea6 (webtiles) character file.

Game seed: 4278707821295683783

380 lunkers the Destroyer (level 7, -2/48 (50) HPs)
             Began as a Meteoran Conjurer on Oct 24, 2022.
             Killed from afar by an orc wizard (9 damage)
             ... with a puff of flame
             ... on level 5 of the Dungeon.
             The game lasted 00:06:06 (2042 turns).

lunkers the Destroyer (Meteoran Conjurer)           Turns: 2042, Time: 00:06:07

HP:   -2/48 (50)    AC:  3    Str:  9    XL:     7   Next: 26%
MP:   3/15          EV: 12    Int: 21    God:
Gold: 163           SH:  0    Dex: 13    Spells: 9/16 levels left

rFire   . . .      SeeInvis +    p - +2 short sword (flame)
rCold   . . .      Faith    .    (no shield)
rNeg    + . .      Spirit   .    a - +0 robe
rPois   .          Reflect  .    (no helmet)
rElec   .          Harm     .    (no cloak)
rCorr   .          Rampage  .    (no gloves)
Will    .....                    o - +0 pair of boots
Stlth   +.........               (no amulet)
HPRegen 0.28/turn                n - ring of see invisible
MPRegen 0.14/turn                u - ring of positive energy

@: glowing, lightly drained
A: sense surroundings 1, otherworldly, glowing, explore regen
a: no special abilities


You were on level 5 of the Dungeon.
You visited 1 branch of the dungeon, and saw 5 of its levels.

You collected 163 gold pieces.

Inventory:

Hand Weapons
 d - a +0 dagger
 p - a +2 short sword of flaming (weapon)
 s - a +3 dagger
Armour
 a - a +0 robe (worn)
 o - a +0 pair of boots (worn)
Jewellery
 n - a ring of see invisible (left hand)
 u - a ring of positive energy (right hand)
Scrolls
 c - 2 scrolls of noise {unknown}
 i - a scroll of enchant armour {unknown}
 j - a scroll of blinking {unknown}
 k - a scroll of teleportation {unknown}
 l - a scroll of fear
 m - a scroll of vulnerability {unknown}
 q - a scroll of poison {unknown}
 v - 3 scrolls of identify
Potions
 b - a potion of magic
 e - 2 potions of degeneration
 f - a potion of invisibility
 g - a potion of resistance
 h - a potion of heal wounds
 r - 2 potions of curing {unknown}
 t - a potion of lignification {unknown}


   Skills:
 - Level 2.4 Dodging
 - Level 1.4 Stealth
 + Level 5.3 Spellcasting
 * Level 8.2 Conjurations


You had 9 spell levels left.
You knew the following spells:

 Your Spells              Type           Power      Damage    Failure   Level
a - Magic Dart            Conj           100%       1d8       1%          1
b - Searing Ray           Conj           80%        2d7       1%          2
c - Iskenderun's Mystic   Conj/Tloc      22%        2d6       19%         4

Your spell library contained the following spells:

 Spells                   Type           Power      Damage    Failure   Level
 Dazzling Flash           Conj/Hex       44%        N/A       6%          3
 Hailstorm                Conj/Ice       22%        3d7       6%          3
 Freeze                   Ice            20%        1d4       11%         1
 Fulminant Prism          Conj/Hex       11%        3d9       19%         4
 Frozen Ramparts          Ice            10%        1d2       32%         3
 Ignite Poison            Fire/Tmut/Pois 5%         N/A       32%         3
 Kindle Blastsparks       Fire/Tloc/Air  10%        2d10      32%         3
 Freezing Cloud           Conj/Ice/Air   8%         6-21      67%         5


Dungeon Overview and Level Annotations

Branches:
Dungeon (5/15) Zot: 959
 Temple: D:4-7

Altars:
Ashenzari
Cheibriados
Hepliaklqana
The Shining One

Shops:
D:4 (

Annotations:
D:2 Sigmund
D:5 1 transporter


Innate Abilities, Weirdness & Mutations

You passively map a small area around you.
You are easily found by Zot.
You glow in the dark.
You regain HP and MP as you explore.


Message History

You hit the dart slug but do no damage.
The dart slug is severely wounded.
The dart slug misses you.
You hit the dart slug.
You kill the dart slug!
You aren't carrying any items that you can evoke.
Unknown command.
Your +2 short sword of flaming bursts into flame!
p - a +2 short sword of flaming (weapon)
You hit the necrophage. You burn the necrophage.
The necrophage is lightly damaged.
The necrophage closely misses you.
You barely miss the necrophage.
The necrophage is lightly damaged.
The necrophage barely misses you.
You hit the necrophage. You burn the necrophage.
The necrophage is moderately damaged.
The necrophage hits you.
* * * LOW HITPOINT WARNING * * *
You partially resist.
You feel drained.
* * * LOW HITPOINT WARNING * * *
You hit the necrophage. You burn the necrophage.
The necrophage is heavily damaged.
The necrophage misses you.
Unknown command.
You hit the necrophage but do no damage.
The necrophage is heavily damaged.
The necrophage hits you.
* * * LOW HITPOINT WARNING * * *
You partially resist.
You feel drained.
* * * LOW HITPOINT WARNING * * *
You hit the necrophage. You burn the necrophage.
The necrophage is heavily damaged.
The necrophage barely misses you.
Unknown command.
You closely miss the necrophage.
The necrophage is heavily damaged.
The orc wizard gestures at you while chanting.
The puff of flame hits you!
You die...

#.≈≈≈≈≈≈≈≈~≈≈
#........... ,
#.....##>..# * *
#..#####...# ,
#######..## #...# #
#.........####...###.#
###)#####..............#
..# #.....##o.###### #.#
.........##@.#
#####.#####n.# ,* , ,
#.# ##††#####* * #.#
#......... * , #.#
#.P#..###. * #.# #.†PP~#
, * #.~~~~.P. *,
#~~♣~♣P~~ , P~~♣♣♣♣♣.P


You could see a necrophage and an orc wizard.

Vanquished Creatures
  A scorpion (D:5)
  A howler monkey (D:5)
  2 jellies (D:5)
  A crimson imp (D:5)
  A hound (D:5)
  An orc priest (D:3)
  An iguana (D:5)
  An adder (D:2)
  2 shadow imps (D:5)
  2 dart slugs (D:5)
  11 orcs
  4 endoplasms
  A giant cockroach (D:1)
  5 goblins
  3 hobgoblins
  2 jackals (D:1)
  4 kobolds
  2 quokkas
  5 ball pythons
  3 bats
  3 frilled lizards
  2 goblin skeletons (D:5)
  A goblin zombie (D:5)
  2 kobold zombies (D:5)
  2 orc skeletons (D:5)
  5 rats
68 creatures vanquished.

Vanquished Creatures (others)
  8 plants (D:5)
8 creatures vanquished.

Grand Total: 76 creatures vanquished

Notes
Turn   | Place    | Note
-------+----------+-------------------------------------------
     0 | D:1      | lunkers the Meteoran Conjurer began the quest for the Orb.
     0 | D:1      | Reached XP level 1. HP: 14/14 MP: 5/5
    44 | D:1      | Reached skill level 5 in Conjurations
    76 | D:1      | Reached XP level 2. HP: 20/20 MP: 1/6
   218 | D:1      | Learned a level 2 spell: Searing Ray
   277 | D:1      | Reached XP level 3. HP: 26/26 MP: 1/8
   313 | D:2      | Noticed Sigmund
   644 | D:3      | Reached XP level 4. HP: 33/33 MP: 6/10
   658 | D:3      | Reached skill level 6 in Conjurations
   710 | D:2      | Learned a level 4 spell: Iskenderun's Mystic Blast
   827 | D:3      | Reached XP level 5. HP: 38/38 MP: 9/11
   935 | D:4      | Found a hazy altar of Hepliaklqana.
  1191 | D:4      | Found Awez's Antique Weapon Shoppe.
  1697 | D:4      | Found a snail-covered altar of Cheibriados.
  1727 | D:5      | Entered Level 5 of the Dungeon
  1773 | D:5      | Found a broken altar of Ashenzari.
  1800 | D:5      | Found a glowing golden altar of the Shining One.
  1808 | D:5      | Reached skill level 7 in Conjurations
  1808 | D:5      | Reached XP level 6. HP: 44/45 MP: 0/13
  1883 | D:5      | Noticed an ogre
  1956 | D:5      | Found a transporter.
  1970 | D:5      | Identified the +5 kite shield of Neocuhef {+Inv rF+ Int-2}
  1990 | D:5      | Reached skill level 5 in Spellcasting
  2009 | D:5      | Reached XP level 7. HP: 37/50 MP: 9/15
  2021 | D:5      | Reached skill level 8 in Conjurations
  2042 | D:5      | Killed from afar by an orc wizard

Illustrated notes

Levels and vault maps discovered:
D:1:      nagdon_arrival_zigzag_paths, layout_basic
D:2:      layout_basic, uniq_terence, uniq_sigmund
D:3:      layout_basic
D:4:      layout_loops_corners, nzn_hepliaklqana_mist_gate, cheibriados_altar_1,
          temple_hall, serial_shops, nicolae_inconvenience_store,
          kennysheep_flooded_box, uniq_pikel, uniq_grinder
D:5:      cheibrodos_quashed, layout_loops_ring, overflow_temple_1_default,
          lemuel_round_altar, nicolae_tso_besieged_by_evil,
          gammafunk_ghost_gnarly_gnolls, serial_bayou_pond_c

Skill      XL: |  1  2  3  4  5  6  7 |
---------------+----------------------+-----
Conjurations   | 5 6 7 8 |  8.2
Spellcasting   | 3 4 5 |  5.3
Dodging        | |  2.4
Stealth        | |  1.4

Action                   |  1- 3 |  4- 6 |  7- 9 || total
-------------------------+-------+-------+-------++-------
Melee: Unarmed           |     7 |       |       ||     7
       Dagger            |       |    17 |     7 ||    24
       Punch             |       |     2 |       ||     2
       Short sword       |       |       |     7 ||     7
 Cast: Magic Dart        |    44 |    61 |     6 ||   111
       Searing Ray       |     3 |     3 |     1 ||     7
  Use: Scroll            |     3 |     2 |       ||     5
Armor: Robe              |     2 |     8 |     3 ||    13
Dodge: Dodged            |    10 |    17 |    22 ||    49

Table legend: (Time is in decaauts)
 A = Elapsed time spent in this place.
 B = Non-inter-level travel time spent in this place.
 C = Inter-level travel time spent in this place.
 D = Time resting spent in this place.
 E = Time spent auto-exploring this place.
 F = Levels seen in this place.
 G = Mean time per level.
                   A        B        C        D        E       F      G
               +--------+--------+--------+--------+--------+-----+--------+
         Total |   2040 |   1830 |    210 |      0 |   1265 |   5 |  408.0 |
       Dungeon |   2040 |   1830 |    210 |      0 |   1265 |   5 |  408.0 |
               +--------+--------+--------+--------+--------+-----+--------+

Top non-repeatable levels by time:
     D:4: 790 daAuts
     D:3: 337 daAuts
     D:2: 332 daAuts
     D:1: 315 daAuts
     D:5: 264 daAuts
